 Dungeon Crawl Stone Soup version 0.28-a0-819-g6ef7baa362 (webtiles) character file.

Game seed: 7268470130103136811

397 croobank the Insei (level 6, -5/38 HPs)
             Began as an Octopode Transmuter on Nov 8, 2021.
             Slain by a phantom (7 damage)
             ... on level 3 of the Dungeon.
             The game lasted 00:33:40 (6396 turns).

croobank the Insei (Octopode Transmuter)            Turns: 6396, Time: 00:33:40

Health: -5/38      AC:  1    Str: 10    XL:     6   Next: 83%
Magic:  8/9        EV: 13    Int: 16    God:
Gold:   240        SH:  0    Dex: 13    Spells: 1/10 levels left

rFire   . . .      SeeInvis .     - Unarmed
rCold   . . .      Faith    .   (no shield)
rNeg    . . .      Spirit   .   (helmet restricted)
rPois   .          Reflect  .   (no amulet)
rElec   .          Harm     .   (no ring)
rCorr   .          Rampage  .   (no ring)
Will    .....                   (no ring)
Stlth   ++++......              (no ring)
HPRegen 0.12/turn               (no ring)
MPRegen 0.11/turn               (no ring)
                                (no ring)
                                (no ring)

@: mighty, wereblooded
A: almost no armour, amphibious, 8 rings, camouflage 1, gelatinous body 1,
(nimble swimmer 1), tentacles
a: no special abilities


You were on level 3 of the Dungeon.
You visited 1 branch of the dungeon, and saw 4 of its levels.

You collected 240 gold pieces.

Inventory:

Hand Weapons
 a - a +0 short sword
 b - a +0 dagger
 l - a +0 short sword
 s - a +0 morningstar
 u - a +0 halberd
 x - a +0 flail
 y - a +0 hand axe
 D - a +0 falchion
 H - a +0 war axe
 K - a +0 trident
Missiles
 d - 84 arrows
 h - 2 throwing nets
 m - 171 stones
 r - 10 boomerangs (quivered)
 C - a boomerang of dispersal
 E - 11 bolts
 F - 3 silver boomerangs
 L - 9 poisoned darts
Jewellery
 c - a ring of resist corrosion
 i - an amulet of guardian spirit
Scrolls
 e - 2 scrolls of amnesia
 f - a scroll of torment
 g - 2 scrolls of teleportation {unknown}
 j - a scroll of vulnerability {unknown}
 o - a scroll of fear {unknown}
 v - a scroll of holy word {unknown}
 G - a scroll of noise {unknown}
 I - a scroll of enchant armour {unknown}
Potions
 k - a potion of invisibility {unknown}
 n - a potion of resistance {unknown}
 p - a potion of brilliance {unknown}
 q - a potion of might
 t - a potion of ambrosia {unknown}
 z - a potion of curing {unknown}
 A - a potion of attraction {unknown}
 B - a potion of lignification {unknown}
 J - a potion of magic {unknown}


   Skills:
 + Level 1.6 Fighting
 + Level 0.3 Throwing
 + Level 2.8 Dodging
 + Level 5.0 Stealth
 + Level 5.4 Unarmed Combat
 + Level 2.6 Spellcasting
 + Level 2.1 Transmutations


You had one spell level left.
You knew the following spells:

 Your Spells              Type           Power      Damage    Failure   Level
a - Beastly Appendage     Tmut           18%        N/A       9%          1
b - Wereblood             Tmut           9%         N/A       12%         2
c - Spider Form           Tmut/Pois      5%         N/A       36%         3
d - Gell's Gravitas       Tloc           2%         N/A       52%         3

Your spell library contained the following spells:

 Spells                   Type           Power      Damage    Failure   Level
 Ignite Poison            Fire/Tmut/Pois 4%         N/A       41%         3
 Lesser Beckoning         Tloc           2%         N/A       52%         3
 Mephitic Cloud           Conj/Pois/Air  2%         N/A       52%         3
 Teleport Other           Tloc           2%         N/A       52%         3
 Ice Form                 Ice/Tmut       5%         N/A       77%         4
 Freezing Cloud           Conj/Ice/Air   1%         6-21      99%         5
 Summon Forest            Summ/Tloc      1%         N/A       99%         5
 Summon Mana Viper        Hex/Summ       2%         N/A       99%         5
 Summon Cactus Giant      Summ           1%         N/A       100%        6


Dungeon Overview and Level Annotations

Branches:
Dungeon (4/15)
 Temple: D:4-7

Altars:
Dithmenos

Annotations:
D:3 1 transporter, AttackTheMoon's ghost, amateur FoFi


Innate Abilities, Weirdness & Mutations

You cannot wear most types of armour.
You are amphibious.
You can wear up to eight rings at the same time.
Your skin changes colour to match your surroundings (Stealth+).
Your rubbery body absorbs attacks. (AC +1, EV +1)
((You are camouflaged near water. (Stealth+)))
You have tentacles for arms and can constrict up to eight enemies at once.


Message History

The phantom completely misses you.
The centaur zombie barely misses you. x2
The centaur skeleton hits you. The centaur skeleton kicks you.
You bludgeon the centaur zombie! You tentacle-slap the centaur zombie!
You squeeze the centaur zombie!
You feel a bit better.
You destroy the centaur zombie!
The phantom closely misses you. The centaur skeleton misses you.
The centaur skeleton kicks you.
Your Stealth skill increases to level 5!
You miss the phantom.
The phantom is lightly damaged.
You howl as the wereblood boils in your veins!
The phantom hits you. The centaur skeleton hits you.
The centaur skeleton misses you.
You barely miss the phantom.
The phantom is lightly damaged.
You howl as the wereblood boils in your veins!
The centaur skeleton misses you. The centaur skeleton kicks you.
The phantom barely misses you.
Okay, then.
You closely miss the phantom.
The phantom is lightly damaged.
The centaur skeleton hits you but does no damage.
The centaur skeleton kicks you.
The howler monkey skeleton closely misses you.
The phantom closely misses you.
You bludgeon the phantom! You squeeze the phantom!
The phantom is severely damaged.
The centaur skeleton misses you. The centaur skeleton barely misses you.
The howler monkey skeleton hits you. The phantom closely misses you.
The centaur skeleton closely misses you.
The centaur skeleton misses you.
As you read the scroll labelled GYOGEG VOCEYN, it crumbles to dust.
Your body is wracked with pain!
* * * LOW HITPOINT WARNING * * *
It was a scroll of torment.
The howler monkey skeleton hits you.
* * * LOW HITPOINT WARNING * * *
The centaur skeleton hits you.
* * * LOW HITPOINT WARNING * * *
The centaur skeleton barely misses you. The phantom hits you!
You die...

......#©..........#..#.#.........
.#....#...........#..#...........
.<##..#..###.###..#..#.#.......##
......#..#8#.#8#..#..#.#....####
..#...#$..........#..#.#.#### #
..#..©#)...)©§....#©...#...### #
..#...#?......W...#....#.....## #
###...#..#8#.#8#WZ#...##......###
..#...#..###.###@W#...##.###..##.
#.#...#........Z..#...##.###...#.
#.#...#...........#...##..##...#.
#.#...#############...##..÷......
#.#..................############
#.#..........................#.#
#.#.#..........................##
#.#.##.#.#.......................
#......#.#################...#.##


You could see a phantom, AttackTheMoon's ghost, a centaur skeleton and a howler
monkey skeleton.

Vanquished Creatures
  A water moccasin zombie (D:3)
  A howler monkey (D:4)
  A centaur zombie (D:3)
  An orc priest (D:3)
  4 gnolls
  4 adders
  An ufetubus (D:4)
  2 adder skeletons (D:4)
  5 worms
  4 dart slugs (D:1)
  20 orcs
  5 ball pythons
  8 endoplasms
  4 giant cockroaches
  14 goblins
  6 hobgoblins
  3 quokkas
  7 bats
  6 frilled lizards
  15 kobolds
  7 rats
119 creatures vanquished.

Notes
Turn   | Place    | Note
-------+----------+-------------------------------------------
     0 | D:1      | croobank the Octopode Transmuter began the quest for the
                  | Orb.
     0 | D:1      | Reached XP level 1. HP: 13/13 MP: 3/3
    54 | D:1      | Reached XP level 2. HP: 14/18 MP: 5/5
   908 | D:1      | Reached XP level 3. HP: 19/23 MP: 6/6
  1249 | D:2      | Found a faded altar of an unknown god.
  1726 | D:2      | Found a shadowy altar of Dithmenos.
  2048 | D:2      | Reached skill level 1 in Stealth
  2294 | D:2      | Reached XP level 4. HP: 28/28 MP: 7/7
  2535 | D:3      | Noticed a phantom
  2535 | D:3      | Found a transporter.
  2912 | D:3      | Learned a level 2 spell: Wereblood
  2916 | D:3      | Learned a level 3 spell: Spider Form
  3444 | D:3      | Reached XP level 5. HP: 32/33 MP: 8/8
  3487 | D:3      | Learned a level 3 spell: Gell's Gravitas
  3838 | D:3      | Found a transporter.
  3839 | D:3      | Noticed AttackTheMoon's ghost (amateur FoFi)
  5074 | D:4      | Reached XP level 6. HP: 36/38 MP: 9/9
  5461 | D:4      | Reached skill level 5 in Unarmed Combat
  6392 | D:3      | Reached skill level 5 in Stealth
  6396 | D:3      | Slain by a phantom

Illustrated notes

Levels and vault maps discovered:
D:1:      lightli_arrival_chessboard, layout_basic
D:2:      layout_loops_cross, basic_ecumenical_altar, serial_aquarium,
          aquarium_bridge_square [aquarium_subvault_bridge,
          aquarium_subvault_bridge, aquarium_subvault_window,
          aquarium_subvault_window], aquarium_window_fake, aquarium_window_fake,
          aquarium_view_2c, aquarium_view_2b, aquarium_pool_five,
          minmay_hexomino_r4
D:3:      minmay_recursive_quarters, layout_basic, gammafunk_ghost_mausoleum,
          hangedman_decor_slide_cut, corexii_hall_statues_u
D:4:      corexii_shantytown, layout_basic, hangedman_abyss_or_decor_stagger

Skill      XL: |  1  2  3  4  5  6 |
---------------+-------------------+-----
Stealth        | 1 2 3 5 |  5.0
Unarmed Combat | 4 5 |  5.4
Fighting       | |  1.6
Throwing       | |  0.3
Dodging        | |  2.8
Spellcasting   | |  2.6
Transmutations | |  2.1

Action                   |  1- 3 |  4- 6 || total
-------------------------+-------+-------++-------
Melee: Unarmed           |    90 |   191 ||   281
       Constrict         |    18 |    41 ||    59
       Tentacles         |    13 |    28 ||    41
       Punch             |     4 |     6 ||    10
Throw: Throwing net      |       |     1 ||     1
       Boomerang         |       |     9 ||     9
 Cast: Wereblood         |       |     5 ||     5
  Use: Scroll            |     2 |     2 ||     4
       Potion            |       |     1 ||     1
 Stab: Sleeping          |     6 |    22 ||    28
Armor: Skin              |    15 |     8 ||    23
Dodge: Dodged            |    60 |    92 ||   152

Table legend: (Time is in decaauts)
 A = Elapsed time spent in this place.
 B = Non-inter-level travel time spent in this place.
 C = Inter-level travel time spent in this place.
 D = Time resting spent in this place.
 E = Time spent auto-exploring this place.
 F = Levels seen in this place.
 G = Mean time per level.
                   A        B        C        D        E       F      G
               +--------+--------+--------+--------+--------+-----+--------+
         Total |   6375 |   6321 |     54 |    628 |   4512 |   4 | 1593.8 |
       Dungeon |   6375 |   6321 |     54 |    628 |   4512 |   4 | 1593.8 |
               +--------+--------+--------+--------+--------+-----+--------+

Top non-repeatable levels by time:
     D:4: 1978 daAuts
     D:3: 1869 daAuts
     D:2: 1296 daAuts
     D:1: 1232 daAuts
